cohdb
Replays
Latest Replays
All Replays
Popular Replays
Top Player Replays
Match Explorer
How It Works
Community
CoH3 Stats
Reddit
Sign in to upload your games and track your stats! →
Sign in with Steam
Match 44616803
Unlisted
Match 44616803
Overview
Messages
Build Orders
End
Scout Squad
Selects Airborne Battlegroup
Selects Pathfinders
Construct Weapon Support Center
M1919 Machine Gun Team
M1919 Machine Gun Team
Selects Paratrooper Squad Paradrop
Paratrooper Squad Paradrop
Mechanized Support Center
Construct Motor Pool
M8 Greyhound Armored Car
Selects Anti-tank Gun Team Paradrop
Bazooka Squad
M8 Greyhound Armored Car
Construct Medical Station
AI Takeover
Maximus Jenius
咚咚锵个腿
0
0
Comments
sign in to comment!
No comments posted yet!